 Seeded DCSS version 0.28-a0-1227-ga9037bb4c8 (webtiles) character file.

Game seed: 20211222 (custom seed)

7266 flotson the Skirmisher (level 10, -5/79 HPs)
             Began as a Demonspawn Gladiator on Dec 22, 2021.
             Was an Initiate of Gozag.
             Slain by a four-headed hydra (8 damage)
             ... on level 10 of the Dungeon on Dec 23, 2021.
             The game lasted 00:19:59 (11113 turns).

flotson the Skirmisher (Demonspawn Gladiator)      Turns: 11113, Time: 00:20:01

Health: -5/79      AC: 21    Str: 19    XL:     10   Next: 89%
Magic:  10/10      EV:  4    Int:  9    God:    Gozag
Gold:   943        SH: 17    Dex: 15    Spells: 9/9 levels left

rFire   . . .      SeeInvis +   d - +3 morningstar
rCold   . . .      Faith    .   i - +0 tower shield
rNeg    . . .      Spirit   .   H - +3 plate armour
rPois   .          Reflect  .   F - +0 helmet
rElec   .          Harm     .   g - scarf {shadows}
rCorr   .          Rampage  .   f - +0 pair of gloves
Will    .....      Clarity  +   L - +0 pair of boots
Stlth   ..........              (no amulet)
HPRegen 0.23/turn               l - ring of flight
MPRegen 0.12/turn               w - ring of see invisible

@: flying
A: spiny 1, sharp scales 2, condensation shield, demonic touch 1, clarity
a: Renounce Religion, Potion Petition, Call Merchant, Bribe Branch


You were on level 10 of the Dungeon.
You worshipped Gozag.
Gozag was pleased with you.
You visited 2 branches of the dungeon, and saw 11 of its levels.
You also visited: Sewer.

You collected 1282 gold pieces.
You spent 252 gold pieces at shops.
You paid 87 gold pieces to Gozag.

Inventory:

Hand Weapons
 a - a +3 war axe
 b - a +0 hunting sling
 c - a +3 trident
 d - a +3 morningstar (weapon)
Missiles
 q - 48 sling bullets
 u - 53 poisoned darts (quivered)
 D - 3 curare-tipped darts
Armour
 f - a +0 pair of gloves (worn)
 g - a scarf of shadows (worn)
 i - a +0 tower shield (worn)
 t - a +0 ring mail of poison resistance
 B - +0 steam dragon scales
 F - a +0 helmet (worn)
 H - a +3 plate armour (worn)
 L - a +0 pair of boots (worn)
 O - a +0 scale mail of cold resistance
Jewellery
 l - a ring of flight (left hand)
 w - a ring of see invisible (right hand)
 K - a ring of ice
Wands
 o - a wand of digging (4)
 s - a wand of mindburst (3)
 C - a wand of paralysis (14)
 M - a wand of flame (10)
Scrolls
 h - 7 scrolls of teleportation {unknown}
 j - 5 scrolls of enchant weapon {unknown}
 k - 2 scrolls of vulnerability {unknown}
 v - 3 scrolls of immolation
 x - a scroll of fog {unknown}
 y - 2 scrolls of noise {unknown}
 A - 2 scrolls of fear
 E - a scroll of blinking {unknown}
 G - a scroll of amnesia {unknown}
Potions
 e - a potion of mutation
 m - a potion of might
 n - 2 potions of attraction
 p - a potion of lignification
 r - 2 potions of heal wounds
 z - a potion of ambrosia
 I - a potion of berserk rage
 N - a potion of cancellation
 P - a potion of resistance


   Skills:
 + Level 7.3 Fighting
 + Level 4.7 Axes
 + Level 6.6 Throwing
 + Level 6.3 Armour
 + Level 7.0 Dodging
 - Level 4.0 Shields
 + Level 6.6 Evocations


You had 9 spell levels left.
You didn't know any spells.
Your spell library contained the following spells:

 Spells                   Type           Power      Damage    Failure   Level
 Corpse Rot               Necr/Air       0%         N/A       100%        2
 Poisonous Vapours        Pois/Air       0%         N/A       100%        2
 Static Discharge         Conj/Air       0%         N/A       100%        2
 Dispel Undead            Necr           0%         3d6       100%        4
 Passage of Golubria      Tloc           0%         N/A       100%        4
 Petrify                  Tmut/Erth      0%         N/A       100%        4
 Sticky Flame             Conj/Fire      0%         2d3       100%        4
 Blade Hands              Tmut           0%         N/A       100%        5
 Irradiate                Conj/Tmut      0%         3d13      100%        5
 Iskenderun's Battlesphe  Conj           0%         2d6       100%        5
 Metabolic Englaciation   Hex/Ice        0%         N/A       100%        5
 Silence                  Hex/Air        0%         N/A       100%        5
 Death Channel            Necr           0%         N/A       100%        6
 Iron Shot                Conj/Erth      0%         9d1       100%        6
 Statue Form              Tmut/Erth      0%         N/A       100%        6
 Dragon Form              Tmut           0%         N/A       100%        7
 Spellforged Servitor     Conj/Summ      0%         N/A       100%        7
 Lehudib's Crystal Spear  Conj/Erth      0%         10d2      100%        8


Dungeon Overview and Level Annotations

Branches:
Dungeon (10/15)            Temple (1/1) D:6            Lair (0/6) D:9
  Sewer (visited)
    Orc: D:9-12

Altars:
Ashenzari
Cheibriados
Elyvilon
Gozag
Kikubaaqudgha
Makhleb
Nemelex Xobeh
Uskayaw
Wu Jian
The Shining One

Shops:
D:7 *


Innate Abilities, Weirdness & Mutations

You are partially covered in sharp spines.
You are mostly covered in razor-sharp scales. (AC +2, Slay +2)
A meltable shield of frost defends you. (SH +4)
Your touch may inflict minor irresistible damage on your foes.
You possess an exceptional clarity of mind.


Message History

The four-headed hydra bites you but does no damage.
The four-headed hydra barely misses you.
Unknown command.
Throw: throwing net
Press: ? - help, Q - select action, (/) - cycle Shift-Dir - straight line, f/p - four-headed hydra
Aim: a four-headed hydra (moderately wounded, 82% to hit, immune to nets)
You throw a throwing net.
The throwing net hits the four-headed hydra.
The four-headed hydra is too large for the net to hold!
The four-headed hydra is moderately wounded.
You block the four-headed hydra's attack. x3
The four-headed hydra bites you but does no damage.
Unknown command.
Aiming: Mindburst
Press: ? - help, Shift-Dir - straight line, f/p - four-headed hydra
Aim: a four-headed hydra (moderately wounded, chance to affect: 57%)
Okay, then.
Aiming: Paralyse
Press: ? - help, Shift-Dir - straight line, f/p - four-headed hydra
Aim: a four-headed hydra (moderately wounded, chance to affect: 31%)
Okay, then.
Unknown command.
Aiming: Mindburst
Press: ? - help, Shift-Dir - straight line, f/p - four-headed hydra
Aim: a four-headed hydra (moderately wounded, chance to affect: 57%)
The four-headed hydra resists with significant effort.
You block the four-headed hydra's attack. x2
The four-headed hydra bites you!
* * * LOW HITPOINT WARNING * * *
The four-headed hydra bites you!
* * * LOW HITPOINT WARNING * * *
Unknown command.
As you read the scroll of fear, it crumbles to dust.
You assume a fearsome visage.
The four-headed hydra resists with almost no effort.
The four-headed hydra bites you but does no damage.
You block the four-headed hydra's attack.
The four-headed hydra bites you!
You die...
Your body crumbles into a pile of gold.

########################
#.......................
#......@D#######........
#..####..# #..##### #..#
#..# #..# #..# #..# #..#
#..####..# #..((....
#........# #........
#.#####..# #........ #(#
#... ....####. #.#
.....#


You could see a four-headed hydra.

Vanquished Creatures
  A two-headed ogre (D:8)
  Pikel (D:6)
  Maggie (D:6)
  A troll (D:8)
  Grinder (D:3)
  A shadow (D:9)
  7 yaks (D:9)
  2 wyverns
  A steam dragon (D:8)
  Edmund (D:6)
  2 water moccasins (D:7)
  3 orc warriors
  A sky beast (D:4)
  4 ice beasts
  2 black bears
  3 wolves (D:9)
  2 ogres
  2 centaurs
  2 phantoms
  4 lemures (D:6)
  4 kobold brigands
  4 bullfrogs
  A wyvern skeleton (D:6)
  6 killer bees (D:7)
  An electric eel (D:9)
  4 wights (D:6)
  A howler monkey (D:7)
  2 bullfrog zombies (D:5)
  A centaur skeleton (D:7)
  4 orc priests
  6 hounds
  A bullfrog skeleton (D:6)
  3 centaur zombies
  2 iguanas
  4 orc wizards
  A killer bee zombie (D:9)
  A hound zombie (D:5)
  A hound skeleton (D:5)
  4 adders
  A howler monkey skeleton (D:5)
  2 shadow imps (D:7)
  A white imp (D:6)
  2 adder skeletons (D:4)
  4 worms
  2 dart slugs
  24 orcs
  9 ball pythons
  5 endoplasms
  7 giant cockroaches
  7 goblins
  5 hobgoblins
  3 jackals
  6 quokkas
  6 bats
  2 frilled lizards
  23 kobolds
  9 rats
211 creatures vanquished.

Vanquished Creatures (others)
  An orc wizard (D:6)
  3 plants (D:6)
4 creatures vanquished.

Grand Total: 215 creatures vanquished

Notes
Turn   | Place    | Note
-------+----------+-------------------------------------------
     0 | D:1      | flotson the Demonspawn Gladiator began the quest for the
                  | Orb.
     0 | D:1      | Reached XP level 1. HP: 16/16 MP: 1/1
   236 | D:1      | Gained mutation: A meltable shield of frost defends you.
                  | (SH +4) [demonic ancestry]
   236 | D:1      | Reached XP level 2. HP: 22/22 MP: 2/2
   982 | D:2      | Reached skill level 1 in Armour
   982 | D:2      | Gained mutation: You are partially covered in razor-sharp
                  | scales. (AC +1, Slay +1) [demonic ancestry]
   982 | D:2      | Reached XP level 3. HP: 20/28 MP: 3/3
  2392 | D:3      | Reached skill level 1 in Shields
  2394 | D:3      | Gained mutation: You are mostly covered in razor-sharp
                  | scales. (AC +2, Slay +2) [demonic ancestry]
  2394 | D:3      | Reached XP level 4. HP: 25/34 MP: 4/4
  2743 | D:3      | Noticed a black bear
  2760 | D:3      | Killed a black bear
  2761 | D:3      | Reached skill level 1 in Evocations
  2761 | D:3      | Gained mutation: You are partially covered in sharp spines.
                  | [demonic ancestry]
  2761 | D:3      | Reached XP level 5. HP: 41/41 MP: 5/5
  2838 | D:3      | Found a faded altar of an unknown god.
  3092 | D:3      | Noticed Grinder
  3096 | D:3      | Killed Grinder
  3097 | D:3      | Reached XP level 6. HP: 47/47 MP: 6/6
  3583 | D:4      | Reached XP level 7. HP: 53/53 MP: 7/7
  4202 | D:5      | Entered Level 5 of the Dungeon
  4261 | D:5      | Noticed a wyvern
  4269 | D:5      | Killed a wyvern
  4668 | D:5      | Reached XP level 8. HP: 37/60 MP: 8/8
  4999 | D:5      | Found a broken altar of Ashenzari.
  5365 | D:6      | Noticed Maggie
  5384 | D:6      | Paralysed by Maggie for 6 turns
  5395 | D:6      | Gained mutation: You possess an exceptional clarity of
                  | mind. [potion of mutation]
  5400 | D:6      | Killed Maggie
  5448 | D:6      | Found a glowing drain.
  5535 | Sewer    | Entered a sewer
  5884 | D:5      | Reached skill level 5 in Dodging
  6333 | D:6      | Found a sparkling altar of Nemelex Xobeh.
  6345 | D:6      | Found a staircase to the Ecumenical Temple.
  6354 | Temple   | Entered the Ecumenical Temple
  6427 | Temple   | Became a worshipper of Gozag Ym Sagoz the Greedy
  6451 | D:6      | Reached skill level 5 in Fighting
  6717 | D:6      | Gained mutation: Your touch may inflict minor irresistible
                  | damage on your foes. [demonic ancestry]
  6717 | D:6      | Reached XP level 9. HP: 56/68 MP: 9/9
  7222 | D:6      | Reached skill level 5 in Throwing
  7307 | D:6      | Noticed Edmund
  7317 | D:6      | Killed Edmund
  7612 | D:6      | Noticed Pikel
  7648 | D:6      | Killed Pikel
  7649 | D:6      | Reached skill level 5 in Evocations
  8040 | D:7      | Reached skill level 5 in Armour
  8313 | D:7      | Found Nauxor's General Store.
  8325 | D:7      | Bought a scroll of immolation for 42 gold pieces
  8325 | D:7      | Bought a scroll of identify for 24 gold pieces
  8325 | D:7      | Bought a scroll of fear for 42 gold pieces
  8325 | D:7      | Bought a scarf of shadows for 144 gold pieces
  8925 | D:8      | Reached XP level 10. HP: 77/77 MP: 10/10
  8941 | D:8      | Noticed a two-headed ogre
  8958 | D:8      | Killed a two-headed ogre
  9489 | D:8      | Found a hide-covered altar of Uskayaw.
 10775 | D:9      | Identified the +0 leather armour of Love and Death {Harm}
 10820 | D:9      | Found a staircase to the Lair.
 10977 | D:10     | Entered Level 10 of the Dungeon
 11024 | D:10     | Found a burning altar of Makhleb.
 11090 | D:10     | Noticed a four-headed hydra
 11107 | D:10     | HP: 2/79 [four-headed hydra (8)]
 11113 | D:10     | Slain by a four-headed hydra

Illustrated notes

Levels and vault maps discovered:
D:1:      heliophobic_arrival_battle_scene, layout_basic
D:2:      minmay_door_path, layout_loops_corners
D:3:      layout_loops_ring, basic_ecumenical_altar, uniq_grinder
D:4:      layout_basic
D:5:      layout_cave_pools, nicolae_ashenzari_skybound, lemuel_old_faithful
D:6:      layout_basic, mainiacjoe_overflow_divided_tiny,
          minmay_temple_entry_overgrown, gup_sewer_entry_spiral, uniq_pikel,
          uniq_maggie, uniq_edmund
D:7:      layout_loops_ring, serial_shops, nicolae_shop_statue_plus,
          minmay_misc_feat_cross
D:8:      layout_basic, nicolae_uskayaw_suspiria
D:9:      layout_cave_pools, erik_lair_island, corner_web_ring
D:10:     layout_small_grid, trog_book, bloody_makhleb, serial_shops,
          nicolae_stop_n_shop_1
Temple:   nicolae_temple_elliptical

Skill      XL: |  1  2  3  4  5  6  7  8  9 10 |
---------------+-------------------------------+-----
Throwing       | 2 3 4 5 6 |  6.6
Armour         | 1 2 3 4 5 6 |  6.3
Dodging        | 3 4 5 6 7 |  7.0
Shields        | 1 2 3 4 |  4.0
Fighting       | 3 4 5 6 7 |  7.3
Evocations     | 1 2 3 4 5 6 |  6.6
Axes           | 3 4 |  4.7

Action                   |  1- 3 |  4- 6 |  7- 9 | 10-12 || total
-------------------------+-------+-------+-------+-------++-------
Melee: War axe           |   127 |    72 |   179 |    13 ||   391
       Morningstar       |       |       |   142 |   129 ||   271
 Fire: Hunting sling     |       |    14 |    35 |     8 ||    57
Throw: Throwing net      |       |       |     4 |     2 ||     6
       Dart              |       |       |       |     1 ||     1
Evoke: Wand              |       |     4 |     5 |     4 ||    13
  Use: Potion            |       |       |     7 |       ||     7
       Scroll            |       |       |     4 |     5 ||     9
 Stab: Sleeping          |     2 |       |     2 |       ||     4
       Held in net/web   |       |       |     1 |       ||     1
       Distracted        |       |       |       |     1 ||     1
Armor: Ring mail         |    46 |    14 |    22 |       ||    82
       Leather armour    |     3 |       |       |       ||     3
       Scale mail        |       |     9 |    39 |       ||    48
       Steam dragon scal |       |       |    23 |       ||    23
       Plate armour      |       |       |    56 |   138 ||   194
       Skin              |       |       |     1 |       ||     1
Dodge: Dodged            |    46 |    18 |    81 |    27 ||   172
Block: Tower shield      |    88 |    57 |   409 |   212 ||   766
       Buckler           |    14 |       |       |       ||    14
       Other             |     3 |       |       |       ||     3

Table legend: (Time is in decaauts)
 A = Elapsed time spent in this place.
 B = Non-inter-level travel time spent in this place.
 C = Inter-level travel time spent in this place.
 D = Time resting spent in this place.
 E = Time spent auto-exploring this place.
 F = Levels seen in this place.
 G = Mean time per level.
                   A        B        C        D        E       F      G
               +--------+--------+--------+--------+--------+-----+--------+
         Total |  11647 |  11326 |    321 |    967 |   7883 |  12 |  970.6 |
       Dungeon |  11259 |  10949 |    310 |    967 |   7623 |  10 | 1125.9 |
        Temple |     91 |     80 |     11 |      0 |     54 |   1 |   91.0 |
         Sewer |    296 |    296 |      0 |      0 |    206 |   1 |  296.0 |
               +--------+--------+--------+--------+--------+-----+--------+

Top non-repeatable levels by time:
     D:5: 1853 daAuts
     D:6: 1701 daAuts
     D:2: 1490 daAuts
     D:8: 1194 daAuts
     D:4: 1029 daAuts
     D:9: 1024 daAuts
     D:7: 974 daAuts
     D:3: 932 daAuts
     D:1: 919 daAuts
   Sewer: 296 daAuts
    D:10: 140 daAuts
  Temple: 91 daAuts
